 Dungeon Crawl Stone Soup version 0.28.0 (webtiles) character file.

Game seed: 10679428539998034028

2482 unlimited1921 the Magician (level 9, -5/64 HPs)
             Began as a Djinni Fire Elementalist on Feb 13, 2022.
             Was an Initiate of Yredelemnul.
             Slain by a spectral hornet (7 damage)
             ... animated by the player character
             ... on level 7 of the Dungeon.
             The game lasted 00:41:04 (13404 turns).

unlimited1921 the Magician (DjFE)                  Turns: 13404, Time: 00:41:05

Health: -5/64      AC:  4    Str:  7    XL:     9   Next: 81%
Gold:   256        EV: 14    Int: 22    God:    Yredelemnul [......] SH:  5 Dex: 13

rFire   + + .      SeeInvis .   p - +0 hand crossbow
rCold   x . .      Faith    .   (no shield)
rNeg    + . .      Spirit   .   a - +0 robe
rPois   ∞          Reflect  +   H - +0 helmet
rElec   .          Harm     .   (no cloak)
rCorr   .          Rampage  .   B - +0 pair of gloves
Will    +....                   (boots unavailable)
Stlth   ++........              x - amulet of reflection
HPRegen 0.20/turn               k - ring of positive energy
MPRegen 0.00/turn               n - ring of willpower

@: flying
A: sickness immunity, fire resistance 2, cold vulnerability 1, float, innate
caster, HP casting, extra vitality 1
a: Renounce Religion, Recall Undead Harvest


You were on level 7 of the Dungeon.
You worshipped Yredelemnul.
Yredelemnul was noncommittal.
You visited 1 branch of the dungeon, and saw 7 of its levels.

You collected 256 gold pieces.

Inventory:

Hand Weapons
 c - a +1 dagger of venom
 f - a +0 hand axe
 l - a +1 whip of electrocution
 o - a +0 war axe
 p - a +0 hand crossbow (weapon)
 r - a +0 short sword of draining
 G - a +0 war axe
 I - a +2 hand axe of freezing
Missiles
 d - 188 stones
 g - 9 poisoned darts
 h - 68 bolts (quivered ammo)
 E - 6 javelins
Armour
 a - a +0 robe (worn)
 B - a +0 pair of gloves (worn)
 H - a +0 helmet (worn)
Jewellery
 k - a ring of positive energy (left hand)
 n - a ring of willpower (right hand)
 x - an amulet of reflection (around neck)
 D - a +4 ring of evasion
Wands
 m - a wand of iceblast (4) (quivered)
 w - a wand of mindburst (13)
 J - a wand of paralysis (7)
Scrolls
 e - 2 scrolls of magic mapping
 i - a scroll of immolation
 s - a scroll of enchant weapon {unknown}
 y - a scroll of enchant armour {unknown}
 C - 2 scrolls of amnesia
 F - a scroll of silence
Potions
 b - 3 potions of heal wounds {unknown}
 j - 5 potions of attraction
 q - 2 potions of ambrosia
 t - a potion of flight {unknown}
 u - 2 potions of haste
 v - 3 potions of brilliance {unknown}
 z - a potion of magic {unknown}
 A - a potion of degeneration {unknown}
 K - a potion of invisibility {unknown}


   Skills:
 * Level 4.9 Fighting
 + Level 1.4 Crossbows
 * Level 5.7 Dodging
 + Level 3.0 Stealth
 + Level 7.9 Spellcasting
 + Level 0.1 Invocations


You had 2 spell levels left.
You knew the following spells:

 Your Spells              Type           Power      Damage    Failure   Level
a - Foxfire               Conj/Fire      100%       2x1d9     1%          1
b - Scorch                Fire           86%        2d9       1%          2
c - Conjure Flame         Conj/Fire      43%        6-21      1%          3
d - Inner Flame           Hex/Fire       43%        N/A       1%          3
e - Flame Wave            Conj/Fire      43%        2d9       3%          4
f - Slow                  Hex            100%       N/A       1%          1
g - Passwall              Tmut/Erth      35%        N/A       1%          2
h - Blink                 Tloc           86%        N/A       1%          2
i - Dazzling Flash        Conj/Hex       86%        N/A       1%          3
Your spell library was empty.

Dungeon Overview and Level Annotations

Branches:
Dungeon (7/15)             Temple (0/1) D:6

Altars:
Ashenzari
Sif Muna
Yredelemnul


Innate Abilities, Weirdness & Mutations

You are immune to sickness and miasma.
You are immune to poison.
Your flesh is very heat resistant. (rF++)
You are vulnerable to cold. (rC-)
You float through the air rather than walking.
You learn spells naturally, not from books.
Your magical power is your life essence.
You have superior vitality. (+4 MHP)


Message History

Confirm with . or Enter, or press ? or * to list all spells.
You conjure some foxfire!
The hornet barely misses you. The hornet stings you!
* * * LOW HITPOINT WARNING * * *
The foxfire hits the hornet but does no damage.
The hornet is severely wounded.
The foxfire hits the hornet but does no damage.
The hornet is severely wounded.
Casting: Foxfire (safe; 1% risk of failure)
Confirm with . or Enter, or press ? or * to list all spells.
You conjure some foxfire!
* * * LOW HITPOINT WARNING * * *
The hornet closely misses you. The hornet stings you!
* * * LOW HITPOINT WARNING * * *
Your foxfire dissipates!
The foxfire hits the hornet.
Flame seeps out of the hornet.
The hornet is severely wounded.
The hornet is engulfed in blazing flames.
A black mist starts to gather...
The hornet explodes!
The fiery explosion engulfs your spectral hornet!!
Your spectral hornet is heavily damaged.
A spectral hornet comes into view.
A spectral hornet is nearby!
A spectral hornet is nearby!
The spectral hornet is engulfed in blazing flames.
A spectral hornet is nearby!
The spectral hornet closely misses you.
Press: ? - help, v - describe, . - travel
Here: a spectral hornet (severely damaged)
The floor.
Unknown command.
Aiming: Iceblast
Press: ? - help, Q - select action, (/) - cycle Shift-Dir - straight line The mass of ice explodes!
The iceblast engulfs the spectral hornet.
The spectral hornet partially resists.
The spectral hornet is almost destroyed.
The spectral hornet hits you!
You die...
Your body rises from the dead as a mindless zombie.

#..........
#..........
##..........
#...........
##...........
#............
##...........
#............
#..@........
##.Z#........
#..###.......
##§§# ......
#§.## ######
##.## #..#
##.## ##.##


You could see a spectral hornet.

Vanquished Creatures
  Grinder (D:3)
  A hornet (D:7)
  A water moccasin (D:6)
  An orc warrior (D:6)
  The ghost of Jenx the Ruffian, an amateur TrMo (D:3)
  An ice beast (D:5)
  A sky beast (D:7)
  2 necrophages
  2 centaurs (D:6)
  A phantom (D:6)
  2 kobold brigands (D:3)
  A wyvern zombie (D:7)
  2 scorpions (D:7)
  A bullfrog (D:7)
  A water moccasin skeleton (D:6)
  A spectral ice beast (D:5)
  5 wights (D:7)
  A spectral bullfrog (D:7)
  A spectral centaur (D:6)
  A jelly (D:3)
  2 orc priests (D:6)
  A hound (D:4)
  2 bullfrog skeletons
  A centaur skeleton (D:7)
  A gnoll shaman (D:6)
  Jessica (D:3)
  An iguana (D:5)
  2 orc wizards
  A killer bee zombie (D:6)
  A spectral hound (D:4)
  A spectral iguana (D:5)
  7 adders
  3 gnolls (D:6)
  A shadow imp (D:5)
  2 white imps (D:6)
  3 spectral adders
  A spectral gnoll (D:6)
  A spectral white imp (D:6)
  A worm (D:2)
  4 dart slugs
  18 orcs
  5 endoplasms
  2 giant cockroaches
  4 goblins
  7 hobgoblins
  2 jackals (D:2)
  19 kobolds
  9 quokkas
  4 ball pythons
  3 bats
  2 frilled lizards
  An orc zombie (D:7)
  2 rats
  A spectral ball python (D:4)
  A spectral dart slug (D:4)
  7 spectral orcs
  A spectral quokka (D:4)
153 creatures vanquished.

Vanquished Creatures (collateral kills)
  4 foxfires
4 creatures vanquished.

Vanquished Creatures (others)
  A quokka (D:1)
  305 foxfires
  A withered plant (D:4)
307 creatures vanquished.

Grand Total: 464 creatures vanquished

Notes
Turn   | Place    | Note
-------+----------+-------------------------------------------
     0 | D:1      | unlimited1921 the Djinni Fire Elementalist began the quest
                  | for the Orb.
     0 | D:1      | Reached XP level 1. HP: 15/15 MP: 0/0
   362 | D:1      | Reached XP level 2. HP: 19/21 MP: 0/0
   670 | D:1      | Found a faded altar of an unknown god.
  2293 | D:1      | Reached skill level 3 in Spellcasting
  2914 | D:1      | HP: 1/21 [something (8)]
  3277 | D:2      | Reached XP level 3. HP: 21/25 MP: 0/0
  3277 | D:2      | Learned a level 1 spell: Slow
  5245 | D:3      | Reached XP level 4. HP: 24/31 MP: 0/0
  5343 | D:3      | Found a runed translucent gate.
  5344 | D:3      | Found a runed translucent gate.
  5344 | D:3      | Found a runed translucent gate.
  5344 | D:3      | Noticed Jenx's ghost (amateur TrMo)
  5648 | D:3      | Noticed a kobold brigand
  5650 | D:3      | Noticed a kobold brigand
  5977 | D:3      | Noticed Jessica
  5984 | D:3      | Killed Jessica
  6643 | D:3      | Killed a kobold brigand
  6644 | D:3      | Reached skill level 1 in Fighting
  6644 | D:3      | Reached skill level 4 in Spellcasting
  6644 | D:3      | Reached XP level 5. HP: 27/37 MP: 0/0
  6644 | D:3      | Learned a level 2 spell: Passwall
  7059 | D:3      | Killed a kobold brigand
  7060 | D:3      | Reached XP level 6. HP: 22/42 MP: 0/0
  7550 | D:3      | Noticed Grinder
  7562 | D:3      | Killed Grinder
  7563 | D:3      | Reached skill level 5 in Spellcasting
  7563 | D:3      | Reached XP level 7. HP: 31/49 MP: 0/0
  7563 | D:3      | Learned a level 2 spell: Blink
  8097 | D:3      | Killed Jenx's ghost
  8365 | D:4      | Found a basalt altar of Yredelemnul.
  8397 | D:4      | Became a worshipper of Yredelemnul the Dark
  8699 | D:4      | Reached XP level 8. HP: 32/55 MP: 0/0
  9423 | D:5      | Entered Level 5 of the Dungeon
 10174 | D:5      | Reached skill level 6 in Spellcasting
 11597 | D:6      | Reached XP level 9. HP: 50/62 MP: 0/0
 11597 | D:6      | Learned a level 3 spell: Dazzling Flash
 11679 | D:6      | Found a broken altar of Ashenzari.
 11714 | D:6      | Reached skill level 5 in Dodging
 11872 | D:6      | Reached skill level 7 in Spellcasting
 12611 | D:6      | Found a staircase to the Ecumenical Temple.
 13279 | D:7      | Reached skill level 1 in Crossbows
 13389 | D:7      | Noticed a hornet
 13400 | D:7      | HP: 1/63 [hornet (7)]
 13401 | D:7      | Killed a hornet
 13404 | D:7      | Slain by a spectral hornet

Illustrated notes

Levels and vault maps discovered:
D:1:      saegor_arrival_simple_c, layout_loops_ring,
          shapermc_ecumenical_altar_mp_ritualfount, minivault_19,
          lemuel_flame_loot_1
D:2:      layout_basic
D:3:      cheibrodos_thug_alley, layout_loops_ring, ebering_ghost_rock_garden,
          kennysheep_potato, uniq_jessica, uniq_grinder
D:4:      layout_cave_pools, yredelemnul_altar_generic
D:5:      layout_layer_cave
D:6:      layout_gridville, evilmike_ruin_ashenzari, minmay_temple_entry_hall
D:7:      minmay_chambers_of_fours, layout_cave_pods,
          nicolae_overflow_crystal_walls, st_stairs_14

Skill      XL: |  1  2  3  4  5  6  7  8  9 |
---------------+----------------------------+-----
Spellcasting   | 3 4 5 6 7 |  7.9
Stealth        | 2 3 |  3.0
Fighting       | 1 2 3 4 |  4.9
Dodging        | 3 4 5 |  5.7
Crossbows      | 1 |  1.4
Invocations    | |  0.1

Action                   |  1- 3 |  4- 6 |  7- 9 || total
-------------------------+-------+-------+-------++-------
Melee: Mace              |     2 |       |       ||     2
 Fire: Hand crossbow     |       |       |     4 ||     4
 Cast: Foxfire           |    56 |    22 |   112 ||   190
       Scorch            |    16 |    22 |     9 ||    47
       Inner Flame       |       |    13 |    70 ||    83
       Blink             |       |       |     1 ||     1
Invok: Recall Undead Har |       |       |     2 ||     2
Evoke: Wand              |       |       |     1 ||     1
  Use: Scroll            |       |     4 |     2 ||     6
Dodge: Dodged            |    10 |     2 |    22 ||    34
Block: Other             |       |       |     4 ||     4
       Reflection        |       |       |     2 ||     2
